 Dungeon Crawl Stone Soup version 0.24-b1-1-gac51ba0 (webtiles) character file.

Game seed: 3372809886362939270, levelgen mode: deterministic

5125 Dorkslayer the Skirmisher (level 10, -9/71 HPs)
             Began as an Octopode Fighter on Oct 12, 2019.
             Was an Elder of Dithmenos.
             Mangled by a two-headed ogre
             ... wielding a +0 giant club
              (34 damage)
             ... on level 9 of the Dungeon on Oct 13, 2019.
             The game lasted 00:39:56 (7981 turns).

Dorkslayer the Skirmisher (Octopode Fighter)        Turns: 7981, Time: 00:39:57

Health: -9/71      AC:  3    Str: 17    XL:     10   Next: 58%
Magic:  14/14      EV: 14    Int: 14    God:    Dithmenos [****..]
Gold:   249        SH: 14    Dex: 14    Spells: 9/9 levels left

rFire    . . .     SeeInvis .   y - +5 short sword
rCold    . . .     Gourm    .   b - +2 shield
rNeg     . . .     Faith    .   (helmet restricted)
rPois    .         Spirit   .   u - +2 amulet of reflection
rElec    .         Reflect  +   p - +2 ring of protection
rCorr    .         Harm     .   g - +4 ring of intelligence
MR       .....                  (no ring)
Stlth    ++++++....             (no ring)
HPRegen  0.21/turn              (no ring)
MPRegen  0.14/turn              (no ring)
                                (no ring)
                                (no ring)

@: wreathed by umbra
A: almost no armour, stealthy swim, amphibious, 8 rings, constrict 8, camouflage
1, gelatinous body 1
a: Shadow Step, Renounce Religion


You were on level 9 of the Dungeon.
You worshipped Dithmenos.
Dithmenos was greatly pleased with you.
You were not hungry.

You visited 2 branches of the dungeon, and saw 10 of its levels.
You also visited: Ossuary.

You collected 424 gold pieces.
You spent 175 gold pieces at shops.

Inventory:

Hand Weapons
 a - a +0 long sword
 i - a +1 short sword of freezing
 y - a +5 short sword (weapon)
Missiles
 s - 8 javelins
 z - 2 poisoned darts (quivered)
Armour
 b - a +2 shield (worn)
Jewellery
 g - a +4 ring of intelligence (right tentacle)
 p - a +2 ring of protection (left tentacle)
 u - a +2 amulet of reflection (around mantle)
Wands
 f - a wand of polymorph (14)
 h - a wand of acid (5)
 o - a wand of clouds (6)
Scrolls
 c - 3 scrolls of remove curse
 j - a scroll of enchant weapon
 l - 2 scrolls of immolation
 q - 5 scrolls of teleportation
 v - 4 scrolls of amnesia
 F - 2 scrolls of magic mapping
Potions
 e - 2 potions of magic
 k - 2 potions of berserk rage
 m - 2 potions of brilliance
 n - 5 potions of curing
 r - a potion of mutation
 t - a potion of resistance
 w - a potion of agility
 x - a potion of ambrosia
 A - 2 potions of cancellation
 C - a potion of might
 D - 2 potions of haste
Comestibles
 d - 17 rations
 B - a chunk of flesh


   Skills:
 * Level 7.0 Fighting
 + Level 6.6(6.9) Short Blades
 + Level 3.0(5.2) Long Blades
 * Level 6.8 Throwing
 + Level 4.9 Dodging
 + Level 6.4 Stealth
 + Level 6.0 Shields
 * Level 6.0 Evocations


You had 9 spell levels left.
You didn't know any spells.
Your spell library was empty.

Dungeon Overview and Level Annotations

Branches:
Dungeon (9/15)             Temple (1/1) D:4         Ossuary (visited)
   Lair: D:8-11         Orc: D:9-12

Altars:
Ashenzari
Cheibriados
Dithmenos
Elyvilon
Fedhas
Gozag
Kikubaaqudgha
Makhleb
Nemelex Xobeh
Okawaru
Qazlal
Ru
Sif Muna
Trog
Uskayaw
Vehumet
Wu Jian
Xom
Yredelemnul
Zin
The Shining One

Shops:
D:4 =

Annotations:
D:8 2 transporters


Innate Abilities, Weirdness & Mutations

You cannot wear most types of armour.
You are very stealthy in the water. (Stealth+)
You are amphibious.
You can wear up to eight rings at the same time.
You can use your tentacles to constrict eight enemies at once.
Your skin changes colour to match your surroundings (Stealth+).
Your rubbery body absorbs attacks. (AC +1, EV +1)


Message History

You hit the two-headed ogre.
Your squeeze misses the two-headed ogre.
The two-headed ogre is moderately wounded.
Some of the chunks of flesh in your inventory have rotted away.
You puncture the two-headed ogre!
The two-headed ogre is heavily wounded.
The two-headed ogre hits you with a +0 giant club!!
You block the two-headed ogre's attack.
You hit the two-headed ogre.
The two-headed ogre is heavily wounded.
The two-headed ogre hits you with a +0 giant club!!
The two-headed ogre hits you with a +0 giant club.
You puncture the two-headed ogre!
The two-headed ogre is severely wounded.
Okay, then.
You puncture the two-headed ogre!
The two-headed ogre is almost dead.
Your shadow hits the two-headed ogre with a short sword.
The two-headed ogre hits you with a +0 giant club!!
You die...

####'##..####
....#...##..####
#....#...#.......
#....+...#.......
#....#...'.......
###....#...##..####
#......#...##..##..
#.O....#...........
#.@....#........... .
#......#...........
#.#......##+###.###..
##.#####......##.#####
.......'......+...#...
.......#......#.. #...
#.....#......#. +...
#.....#......# #...
##..z..'..z...# #...


You could see a two-headed ogre.

Vanquished Creatures
  A shadow demon (D:4)
  Maurice (D:8)
  A hungry ghost (D:7)
  Menkaure (Ossuary)
  Edmund (D:4)
  Duvessa (D:5)
  2 phantoms (D:7)
  An ice beast (D:8)
  2 black bears
  2 orc warriors
  A sky beast (D:5)
  3 ogres
  4 centaurs
  A necrophage (D:9)
  2 big kobolds
  4 bullfrogs
  Blork the orc (D:4)
  Dowan (D:5)
  4 scorpions
  6 killer bees (D:7)
  A howler monkey (D:8)
  2 bullfrog zombies
  6 crimson imps
  An orc priest (D:3)
  A hound (D:5)
  Crazy Yiuf (D:4)
  2 centaur skeletons
  2 gnoll shamans
  A bullfrog skeleton (D:4)
  3 iguanas
  6 orc wizards
  Natasha (D:2)
  8 worker ants
  3 mummies (Ossuary)
  Robin (D:2)
  8 gnolls
  7 adders
  A howler monkey skeleton (D:5)
  A shadow imp (D:7)
  2 oozes
  2 adder skeletons
  An adder zombie (D:9)
  3 worms
  2 dart slugs
  2 leopard geckos
  21 orcs
  10 giant cockroaches
  5 gnoll zombies (Ossuary)
  15 goblins
  10 hobgoblins
  6 jackals
  17 kobolds
  2 quokkas
  2 ball pythons
  7 bats
  10 frilled lizards
  5 gnoll skeletons (Ossuary)
  2 goblin skeletons (Ossuary)
  A goblin zombie (Ossuary)
  A hobgoblin skeleton (Ossuary)
  2 hobgoblin zombies (Ossuary)
  A jackal skeleton (D:4)
  5 kobold skeletons (Ossuary)
  7 kobold zombies (Ossuary)
  7 orc skeletons (Ossuary)
  An orc zombie (Ossuary)
  11 rats
  5 rat skeletons (Ossuary)
  9 rat zombies (Ossuary)
  A fungus (D:4)
271 creatures vanquished.

Vanquished Creatures (others)
  A centaur (D:7)
1 creature vanquished.

Grand Total: 272 creatures vanquished

Notes
Turn   | Place    | Note
-------+----------+-------------------------------------------
     0 | D:1      | Dorkslayer the Octopode Fighter began the quest for the
                  | Orb.
     0 | D:1      | Reached XP level 1. HP: 16/16 MP: 1/1
   232 | D:1      | Reached XP level 2. HP: 18/21 MP: 2/2
   733 | D:1      | Reached XP level 3. HP: 25/26 MP: 3/3
  1095 | D:2      | Reached skill level 1 in Stealth
  1657 | D:2      | Noticed Robin
  1658 | D:2      | Reached XP level 4. HP: 30/33 MP: 4/4
  1673 | D:2      | Killed Robin
  1869 | D:2      | Noticed Natasha
  1876 | D:2      | Killed Natasha
  1878 | D:2      | Reached XP level 5. HP: 31/37 MP: 5/5
  2065 | D:3      | Reached skill level 4 in Fighting
  2308 | D:3      | Reached skill level 1 in Evocations
  2472 | D:3      | Reached XP level 6. HP: 19/43 MP: 3/7
  2476 | D:3      | Found a glowing silver altar of Zin.
  2612 | D:4      | Found Vius's Jewellery Emporium.
  2625 | D:4      | Bought a +2 amulet of reflection for 75 gold pieces
  2667 | D:4      | Reached skill level 1 in Short Blades
  2689 | D:4      | Reached skill level 1 in Throwing
  2771 | D:4      | Upgraded the game from 0.24-b1 to 0.24-b1-1-gac51ba0
  2798 | D:4      | Reached XP level 7. HP: 37/49 MP: 8/8
  3119 | D:4      | Found a runed translucent door.
  3120 | D:4      | Noticed Crazy Yiuf
  3125 | D:4      | Killed Crazy Yiuf
  3161 | D:4      | Bought a +2 ring of protection for 100 gold pieces
  3259 | D:4      | Noticed Grinder
  3262 | D:4      | Noticed Grinder
  3262 | D:4      | Grinder changed into Grinder the shadow demon
  3271 | D:4      | Killed Grinder the shadow demon
  3271 | D:4      | Reached skill level 5 in Fighting
  3271 | D:4      | Reached XP level 8. HP: 49/55 MP: 10/10
  3298 | D:4      | Noticed Edmund
  3305 | D:4      | Killed Edmund
  3306 | D:4      | Found a staircase to the Ecumenical Temple.
  3361 | D:4      | Noticed Blork the orc
  3369 | D:4      | Killed Blork the orc
  3393 | Temple   | Entered the Ecumenical Temple
  3493 | Temple   | Became a worshipper of Dithmenos the Shadowed
  3558 | D:5      | Entered Level 5 of the Dungeon
  3697 | D:5      | Found a stormy altar of Qazlal.
  3994 | D:5      | Noticed Dowan
  3995 | D:5      | Noticed Duvessa
  4005 | D:5      | Killed Dowan
  4015 | D:5      | Killed Duvessa
  4015 | D:5      | Reached XP level 9. HP: 52/62 MP: 12/12
  4135 | D:5      | Reached skill level 6 in Fighting
  4135 | D:5      | Reached skill level 5 in Shields
  4343 | D:6      | Reached * piety under Dithmenos
  4343 | D:6      | Reached skill level 5 in Stealth
  4730 | D:6      | Found a blossoming altar of Fedhas.
  4890 | D:6      | Found a glowing golden altar of the Shining One.
  5013 | D:7      | Reached skill level 5 in Short Blades
  5028 | D:7      | Reached skill level 5 in Evocations
  5098 | D:7      | Found a sand-covered staircase.
  5137 | Ossuary  | Entered an ossuary
  5358 | Ossuary  | Reached ** piety under Dithmenos
  5581 | Ossuary  | Reached *** piety under Dithmenos
  5591 | Ossuary  | Noticed Menkaure
  5600 | Ossuary  | Killed Menkaure
  5600 | Ossuary  | Reached skill level 5 in Throwing
  5909 | D:7      | Reached XP level 10. HP: 66/69 MP: 14/14
  6202 | D:8      | Found a transporter.
  6224 | D:8      | Found a sparkling altar of Nemelex Xobeh.
  6606 | D:8      | Noticed Maurice
  6626 | D:8      | Found a transporter.
  6789 | D:8      | Reached **** piety under Dithmenos
  7097 | D:8      | Killed Maurice
  7470 | D:9      | Reached skill level 7 in Fighting
  7611 | D:9      | Found a glowing golden altar of the Shining One.
  7734 | D:9      | Found a sacrificial altar of Ru.
  7753 | D:9      | Noticed a two-headed ogre
  7878 | D:9      | Found an iron altar of Okawaru.
  7981 | D:9      | Mangled by a two-headed ogre

Skill      XL: |  1  2  3  4  5  6  7  8  9 10 |
---------------+-------------------------------+-----
Stealth        | 1 2 3 4 5 6 |  6.4
Fighting       | 4 5 6 7 |  7.0
Long Blades    | 3 |  3.0
Evocations     | 1 2 3 4 5 6 |  6.0
Short Blades   | 2 3 4 5 6 |  6.6
Throwing       | 1 3 5 6 |  6.8
Shields        | 4 5 6 |  6.0
Dodging        | 4 |  4.9

Action                   |  1- 3 |  4- 6 |  7- 9 | 10-12 || total
-------------------------+-------+-------+-------+-------++-------
Melee: Long sword        |    62 |    15 |       |       ||    77
       Constrict         |    19 |    39 |    63 |    18 ||   139
       Tentacles         |    10 |    21 |    65 |    25 ||   121
       Short sword       |       |   110 |   267 |   109 ||   486
Throw: Boomerang         |       |    13 |   114 |     5 ||   132
       Dart              |       |       |     5 |    10 ||    15
Evoke: Wand              |       |     1 |     3 |     2 ||     6
  Use: Potion            |     4 |     2 |    10 |     3 ||    19
       Scroll            |       |     7 |    10 |     9 ||    26
 Stab: Sleeping          |     6 |     2 |     7 |    13 ||    28
       Distracted        |     2 |       |       |       ||     2
       Confused          |       |       |       |     1 ||     1
  Eat: Chunk             |     2 |     4 |     7 |     3 ||    16
       Ration            |       |       |     1 |     1 ||     2
Armor: Skin              |     5 |     8 |    16 |     8 ||    37
Dodge: Dodged            |    25 |    38 |    81 |    26 ||   170
Block: Shield            |    29 |    42 |   117 |    50 ||   238
       Reflection        |       |       |     4 |     6 ||    10
       Rpst.: Long sword |    11 |     1 |       |       ||    12
